 Dungeon Crawl Stone Soup version 0.31-a0-4-gefa6de2278 (webtiles) character file.

Game seed: 10068470681775412061

37327 bande the Cleaver (level 13, -2/81 HPs)
             Began as a Gargoyle Fighter on May 4, 2023.
             Was the Champion of Okawaru.
             Slain by an ancient zyme (7 damage)
             ... on level 3 of the Abyss on May 5, 2023.
             The game lasted 00:36:55 (17673 turns).

bande the Cleaver (Gargoyle Fighter)               Turns: 17673, Time: 00:36:56

Health: -2/81      AC: 40    Str: 30    XL:     13   Next: 96%
Magic:  19/19      EV:  7    Int:  9    God:    Okawaru [******]
Gold:   697        SH:  9    Dex: 19    Spells: 11/12 levels left

rFire   . . .        E - +6 war axe of Blood {freeze, rC+}
rCold   + . .        U - +2 buckler
rNeg    + + .        T - +9 plate armour "Igeuc" {Str+3 Slay+3}
rPois   ∞            s - +2 helmet
rElec   +            d - +2 cloak
rCorr   .            (no gloves)
SInv    .            V - +0 pair of boots of the Delicate God {rPois rN+}
Will    .....        l - amulet of regeneration Stlth
                     e - +6 ring of strength
HPRegen 1.13/turn    b - +6 ring of dexterity
MPRegen 0.16/turn

%: no passive effects
@: no status effects
A: sickness immunity, AC +9, negative energy resistance 1, electricity
resistance, torment resistance 1, petrification resistance
a: Renounce Religion, Heroism, Finesse, Duel


You were on level 3 of the Abyss.
You worshipped Okawaru.
Okawaru was exalted by your worship.
You visited 3 branches of the dungeon, and saw 19 of its levels.
You visited the Abyss 1 time.

You collected 1206 gold pieces.
You spent 509 gold pieces at shops.

Inventory:

Hand Weapons
 t - a +4 heavy war axe
 B - a +5 morningstar
 E - the +6 war axe of Blood (weapon) {freeze, rC+}
   (You bought it in a shop on level 3 of the Dungeon)

   rC:        It protects you from cold.
Missiles
 N - 2 throwing nets (quivered)
Armour
 d - a +2 cloak (worn)
 s - a +2 helmet (worn)
 T - the +9 plate armour "Igeuc" (worn) {Str+3 Slay+3}
   (Okawaru gifted it to you on level 11 of the Dungeon)

   Str:       It affects your strength (+3).
   Slay:      It affects your accuracy & damage with ranged weapons and melee
   (+3).
 U - a +2 buckler (worn)
 V - the +0 pair of boots of the Delicate God (worn) {rPois rN+}
   (You bought it in a shop on level 12 of the Dungeon)

   rPois:     It protects you from poison.
   rN:        It protects you from negative energy.
Jewellery
 b - a +6 ring of dexterity (right hand)
 e - a +6 ring of strength (left hand)
 f - a ring of willpower
 j - a ring of ice
 k - a +6 ring of intelligence
 l - an amulet of regeneration (around neck)
 n - a ring of fire
 w - a ring of wizardry
 D - a ring of magical power
 L - a ring of resist corrosion
 O - a ring of positive energy
Wands
 p - a wand of iceblast (14)
 u - a wand of charming (9)
 v - a wand of flame (19)
 C - a wand of polymorph (12)
 S - a wand of digging (6)
Scrolls
 a - a scroll of poison
 c - 2 scrolls of blinking
 q - 10 scrolls of teleportation
 x - 5 scrolls of identify
 y - 3 scrolls of fear
 K - 2 scrolls of enchant armour
 M - a scroll of enchant weapon
 P - 2 scrolls of amnesia
 R - a scroll of silence
Potions
 g - 12 potions of curing
 h - 5 potions of brilliance
 i - 3 potions of magic
 m - 3 potions of heal wounds
 o - 6 potions of mutation
 r - 2 potions of flight
 z - 6 potions of haste
 A - 2 potions of resistance
 F - 3 potions of might
 G - a potion of cancellation
 I - 3 potions of berserk rage
 Q - 2 potions of ambrosia
Miscellaneous
 H - a phantom mirror
 J - a lightning rod (4/4)
 W - a phial of floods


   Skills:
 + Level 9.7 Fighting
 + Level 12.8 Axes
 + Level 8.9 Armour
 - Level 0.1 Stealth
 + Level 8.0 Shields
 * Level 8.0 Translocations
 * Level 8.0 Invocations
 * Level 8.2 Evocations


You had 11 spell levels left.
You knew the following spells:

 Your Spells              Type           Power      Damage    Failure   Level
a - Apportation           Tloc           28%        N/A       13%         1

Your spell library contained the following spells:

 Spells                   Type           Power      Damage    Failure   Level
 Blink                    Tloc           28%        N/A       19%         2
 Lesser Beckoning         Tloc           28%        N/A       19%         2
 Momentum Strike          Conj/Tloc      14%        3d8       71%         2
 Vhi's Electric Charge    Tloc/Air       14%        N/A       90%         3
 Volatile Blastmotes      Fire/Tloc      14%        2d11      90%         3
 Necrotise                Necr           0%         1d4       98%         1
 Sandblast                Erth           0%         2d4       98%         1
 Passwall                 Tmut/Erth      0%         N/A       99%         2
 Wereblood                Tmut           0%         N/A       99%         2
 Dazzling Flash           Conj/Hex       0%         N/A       100%        3
 Stone Arrow              Conj/Erth      0%         3d7       100%        3
 Iskenderun's Mystic Bla  Conj/Tloc      7%         2d4       100%        4
 Agony                    Necr           0%         N/A       100%        5
 Arcjolt                  Conj/Air       0%         1d10      100%        5
 Silence                  Hex/Air        0%         N/A       100%        5
 Starburst                Conj/Fire      0%         6d3       100%        6
 Storm Form               Tmut/Air       0%         N/A       100%        7
 Maxwell's Capacitive Co  Air            0%         ∞         100%        8
 Summon Small Mammal      Summ           Unusable   N/A       N/A         1
 Sublimation of Blood     Necr           Unusable   N/A       N/A         2
 Summon Lightning Spire   Summ/Air       Unusable   N/A       N/A         4
 Summon Hydra             Summ           Unusable   N/A       N/A         7

Dungeon Overview and Level Annotations

Branches:
Dungeon (13/15)            Temple (1/1) D:7            Lair (5/5) D:9
 Shoals (0/4) Lair:3        Snake (0/4) Lair:2        Slime (0/5) Lair:5
    Orc (0/2) D:9
 Vaults: D:13-14

Altars:
Ashenzari
Cheibriados
Dithmenos
Elyvilon
Fedhas
Hepliaklqana
Kikubaaqudgha
Makhleb
Nemelex Xobeh
Okawaru
Qazlal
Ru
Sif Muna
Trog
Uskayaw
Vehumet
Wu Jian
Xom
Zin
The Shining One

Shops:
D:3 !=*(:   D:11 (   D:12 [

Annotations:
D:8 2 transporters, 123456's ghost, novice MiFi


Innate Abilities, Weirdness & Mutations

You are immune to sickness and miasma.
Your stone body is resilient. (AC +9)
You are immune to poison.
You resist negative energy. (rN+)
You are resistant to electric shocks. (rElec)
You are resistant to unholy torment.
You are immune to petrification.


Message History

Okawaru accepts your kill.
You slash the starcursed mass! You freeze the starcursed mass.
You destroy the starcursed mass!
Okawaru accepts your kill. Okawaru grants you armour!
Something appears at your feet!
You see here the +1 pair of gloves of Pycomug {rN+}.
You slice the white very ugly thing!!
You kill the white very ugly thing!
Okawaru accepts your kill.
A tentacle flies out from the starspawn's body!
The ancient zyme completely misses you.
The ancient zyme hits you but does no damage.
A starspawn tentacle comes into view.
A raiju comes into view.
You block the ancient zyme's attack. x2
A starspawn tentacle comes into view.
You see here the +1 pair of gloves of Pycomug {rN+}.
The raiju barks!
You hit the tentacled starspawn. You freeze the tentacled starspawn.
The tentacled starspawn is lightly damaged.
You slash the ancient zyme! You freeze the ancient zyme.
You hit the starspawn tentacle but do no damage.
The tentacled starspawn attacks as you move away!
The tentacled starspawn bites you.
* * * LOW HITPOINT WARNING * * *
The tentacled starspawn tentacle-slaps you but does no damage.
The raiju pauses to sniff the ground.
The ancient zyme hits you but does no damage.
The ancient zyme hits you!
* * * LOW HITPOINT WARNING * * *
You barely miss the raiju.
You hit the ancient zyme but do no damage.
You hit the starspawn tentacle but do no damage.
You slash the starspawn tentacle! You freeze the starspawn tentacle.
You hit the tentacled starspawn. You freeze the tentacled starspawn.
The raiju bites you but does no damage.
The ancient zyme hits you but does no damage.
The ancient zyme hits you!
You die...

.# # .... . .. .
#... .### .# . .
.#..## ...
#..#u#..#.#
##.###.## . ..##
#....#..##..#..#
##...##..#..
#...─wh#..# .
#.@#.#.. ##
#wXx♣≈.###
#/.#~~~~~♣
..V.##.#..##
#...#. ....#
......# ##....
....#. ####.
.###.. ..#


You could see a tentacled starspawn, an ancient zyme, a raiju and 2 starspawn
tentacles.

Vanquished Creatures
  Jorgrun (D:13)
  Kirke (Lair:3)
  A very ugly thing (Abyss:3)
  A fire dragon (Lair:5)
  A hydra (Lair:4)
  A centaur warrior (D:11)
  4 two-headed ogres
  2 boulder beetles
  2 skysharks
  Pikel (D:6)
  A swamp dragon (Lair:5)
  A deep elf pyromancer (D:13)
  4 wizards (D:13)
  2 ugly things
  An orc sorcerer (D:13)
  2 manticores
  2 cyclopes
  An eye of devastation (Lair:5)
  6 black mambas
  A gargoyle (D:12)
  3 komodo dragons
  An unseen horror (D:11)
  Maggie (D:6)
  2 kobold demonologists (D:11)
  7 cane toads
  3 tengu conjurers (D:13)
  3 rime drakes
  A large abomination (Abyss:3)
  A troll (D:12)
  Grinder (D:6)
  A polar bear (Lair:3)
  10 blink frogs
  6 slime creatures (D:12)
  A jumping spider (shapeshifter) (D:13)
  A vampire (D:12)
  4 wraiths
  2 hogs (Lair:3)
  Eustachio (D:5)
  5 starcursed masses (Abyss:3)
  2 wyverns
  3 yaks (D:9)
  A basilisk (Lair:3)
  6 steam dragons
  A human (Lair:3)
  4 vampire mosquitoes (D:12)
  An acid dragon (D:10)
  17 water moccasins
  Duvessa (D:6)
  A floating eye (Lair:5)
  2 orc warriors
  4 sky beasts
  A swamp drake (Lair:5)
  2 ice beasts
  3 black bears
  4 centaurs
  An ogre (D:5)
  A lemure (D:6)
  Blork the orc (D:6)
  9 bullfrogs
  2 gnoll sergeants
  7 scorpions
  2 small abominations (Abyss:3)
  8 wights (D:7)
  4 killer bees (D:11)
  Dowan (D:6)
  An electric eel (Lair:5)
  2 howler monkeys (D:11)
  A gnoll bouda (D:6)
  2 hounds
  A jelly (D:7)
  2 orc priests
  Ijyb (D:3)
  Jessica (D:2)
  5 iguanas
  A sleepcap (D:5)
  3 orc wizards
  6 hell rats (Lair:1)
  Robin (D:4)
  7 adders
  11 gnolls
  A worm (D:5)
  5 dart slugs
  18 orcs
  3 endoplasms
  6 giant cockroaches
  16 goblins
  5 hobgoblins
  7 jackals
  5 quokkas
  5 ball pythons
  4 bats
  5 frilled lizards
  4 kobolds
  6 rats
314 creatures vanquished.

Vanquished Creatures (others)
  Psyche (D:8)
  An iguana (Lair:5)
  15 fungi
  20 plants
37 creatures vanquished.

Grand Total: 351 creatures vanquished

Notes
Turn   | Place    | Note
-------+----------+-------------------------------------------
     0 | D:1      | bande the Gargoyle Fighter began the quest for the Orb.
     0 | D:1      | Reached XP level 1. HP: 14/14 MP: 1/1
    41 | D:1      | Reached XP level 2. HP: 20/20 MP: 2/2
    67 | D:1      | Reached skill level 2 in Axes
   451 | D:2      | Reached XP level 3. HP: 24/24 MP: 3/3
   648 | D:2      | Reached XP level 4. HP: 28/29 MP: 4/4
   677 | D:2      | Noticed Jessica
   684 | D:2      | Killed Jessica
   685 | D:2      | Reached skill level 3 in Axes
  1022 | D:3      | Found a shimmering altar of Xom.
  1050 | D:3      | Found a bloodstained altar of Trog.
  1126 | D:3      | Noticed a walking earthen tome
  1128 | D:3      | Found Matiadde's Book Emporium.
  1130 | D:3      | Noticed a walking crystal tome
  1169 | D:3      | Noticed Ijyb
  1178 | D:3      | Killed Ijyb
  1179 | D:3      | Reached XP level 5. HP: 33/33 MP: 5/5
  1181 | D:3      | Found Fiechuija's Jewellery Boutique.
  1300 | D:3      | Found Omiraysu's Distillery.
  1309 | D:3      | Bought a potion of heal wounds for 60 gold pieces
  1389 | D:3      | Found Vaggoche's Antique Weapon Emporium.
  1709 | D:3      | Found Olatro's Assorted Antiques.
  2028 | D:4      | Noticed a black bear
  2045 | D:4      | Killed a black bear
  2046 | D:4      | Reached skill level 4 in Axes
  2046 | D:4      | Reached XP level 6. HP: 39/39 MP: 6/6
  2552 | D:4      | Noticed Robin
  2566 | D:4      | Killed Robin
  2631 | D:5      | Entered Level 5 of the Dungeon
  2763 | D:5      | Reached skill level 1 in Evocations
  2763 | D:5      | Reached XP level 7. HP: 44/44 MP: 7/7
  2787 | D:5      | Reached skill level 5 in Axes
  2807 | D:5      | Learned a level 1 spell: Apportation
  2903 | D:5      | Reached skill level 5 in Armour
  2930 | D:5      | Noticed Eustachio
  2948 | D:5      | Killed Eustachio
  2949 | D:5      | Reached skill level 5 in Fighting
  2949 | D:5      | Reached skill level 1 in Translocations
  3062 | D:5      | Reached XP level 8. HP: 44/49 MP: 8/8
  3092 | D:5      | Reached skill level 6 in Axes
  3233 | D:5      | Found a hazy altar of Hepliaklqana.
  3508 | D:6      | Noticed Duvessa
  3509 | D:6      | Noticed Dowan
  3525 | D:6      | Killed Duvessa
  3541 | D:6      | Killed Dowan
  3624 | D:6      | Noticed Blork the orc
  3633 | D:6      | Killed Blork the orc
  3718 | D:6      | Reached XP level 9. HP: 16/55 MP: 9/9
  3901 | D:5      | Reached skill level 7 in Axes
  4044 | D:6      | Noticed Maggie
  4072 | D:6      | Killed Maggie
  4242 | D:6      | Noticed Grinder
  4247 | D:6      | Paralysed by Grinder for 2 turns
  4252 | D:6      | Paralysed by Grinder for 5 turns
  4265 | D:6      | Killed Grinder
  4266 | D:6      | Reached skill level 5 in Shields
  4444 | D:6      | Noticed Pikel
  4459 | D:6      | Killed Pikel
  4460 | D:6      | Reached skill level 8 in Axes
  5017 | D:7      | Reached XP level 10. HP: 61/61 MP: 10/10
  5056 | D:7      | Found a staircase to the Ecumenical Temple.
  5065 | D:7      | Found a blossoming altar of Fedhas.
  5088 | Temple   | Entered the Ecumenical Temple
  5095 | Temple   | Became a worshipper of Warmaster Okawaru
  5301 | D:7      | Found a burning altar of Makhleb.
  5546 | D:7      | Reached skill level 1 in Invocations
  5759 | D:8      | Found a sacrificial altar of Ru.
  5867 | D:8      | Noticed Psyche
  5884 | D:8      | Killed Psyche
  5915 | D:8      | Reached * piety under Okawaru
  6224 | D:8      | Found a transporter.
  6224 | D:8      | Found a transporter.
  6241 | D:8      | Noticed 123456's ghost (novice MiFi)
  6416 | D:8      | Found a shimmering blue altar of Sif Muna.
  6628 | D:9      | Found a broken altar of Ashenzari.
  6655 | D:9      | Found a staircase to the Orcish Mines.
  6655 | D:9      | Noticed a two-headed ogre
  6655 | D:9      | Noticed a two-headed ogre
  6665 | D:9      | Killed a two-headed ogre
  6666 | D:9      | Reached skill level 9 in Axes
  6666 | D:9      | Reached skill level 5 in Evocations
  6678 | D:9      | Killed a two-headed ogre
  6841 | D:9      | Reached ** piety under Okawaru
  6913 | D:9      | Noticed a two-headed ogre
  6920 | D:9      | Killed a two-headed ogre
  6921 | D:9      | Reached skill level 5 in Translocations
  6921 | D:9      | Reached XP level 11. HP: 11/67 MP: 13/13
  7220 | D:9      | Found a staircase to the Lair.
  7386 | D:9      | Identified the +6 trident "Spiderslayer" {distort, Str+5
                  | Int-4}
  7474 | Lair:1   | Entered Level 1 of the Lair of Beasts
  8296 | D:3      | Bought a polished war axe for 212 gold pieces
  8296 | D:3      | Identified the +6 war axe of Blood {freeze, rC+} (You
                  | bought it in a shop on level 3 of the Dungeon)
  8644 | Lair:1   | Found a glowing golden altar of the Shining One.
  9024 | Lair:2   | Reached skill level 10 in Axes
  9041 | Lair:2   | Reached *** piety under Okawaru
  9152 | Lair:2   | Noticed a boulder beetle
  9168 | Lair:2   | Killed a boulder beetle
  9247 | Lair:2   | Found a staircase to the Snake Pit.
  9254 | Lair:2   | Reached **** piety under Okawaru
  9789 | Lair:3   | Found a staircase to the Shoals.
  9847 | Lair:3   | Noticed Kirke
  9860 | Lair:3   | Noticed a lindwurm
 10317 | Lair:3   | Reached ***** piety under Okawaru
 10318 | Lair:3   | Reached skill level 5 in Invocations
 10331 | Lair:3   | Killed Kirke
 10332 | Lair:3   | Reached XP level 12. HP: 59/73 MP: 15/15
 10613 | Lair:3   | Reached skill level 11 in Axes
 11164 | Lair:4   | Noticed a seven-headed hydra
 11176 | Lair:4   | Killed an eight-headed hydra
 11617 | Lair:4   | Noticed a skyshark
 11635 | Lair:4   | Killed a skyshark
 11635 | Lair:4   | Identified the +0 robe of Snakes and Ladders {+Blink rPois
                  | Dex+2} (Okawaru gifted it to you on level 4 of the Lair of
                  | Beasts)
 11635 | Lair:4   | Received a gift from Okawaru
 12254 | Lair:5   | Entered Level 5 of the Lair of Beasts
 12336 | Lair:5   | Found the +3 salamander hide armour {Flames, rFlCloud rF++
                  | rC--}
 12485 | Lair:5   | Found a staircase to the Slime Pits.
 12742 | Lair:5   | Noticed a skyshark
 12758 | Lair:5   | Killed a skyshark
 13176 | Lair:5   | Noticed a fire dragon
 13204 | Lair:5   | Killed a fire dragon
 14025 | D:10     | Entered Level 10 of the Dungeon
 14032 | D:9      | Reached XP level 13. HP: 80/80 MP: 18/18
 14255 | D:10     | Reached skill level 12 in Axes
 14618 | D:10     | Identified the +1 rapier "Sutiaguly" {venom, rElec Will-
                  | Str-2 Stlth+}
 15113 | D:11     | Reached ****** piety under Okawaru
 15213 | D:11     | Identified the +9 plate armour "Igeuc" {Str+3 Slay+3}
                  | (Okawaru gifted it to you on level 11 of the Dungeon)
 15213 | D:11     | Received a gift from Okawaru
 15277 | D:11     | Found Serud's Weapon Emporium.
 16311 | D:12     | Found Umag's Antique Armour Shoppe.
 16314 | D:12     | Bought a pair of scorched boots for 237 gold pieces
 16314 | D:12     | Identified the +0 pair of boots of the Delicate God {rPois
                  | rN+} (You bought it in a shop on level 12 of the Dungeon)
 16544 | D:13     | Identified the +4 scale mail of Grace {rCorr Str+7}
 17520 | D:13     | Found a radiant altar of Vehumet.
 17520 | D:13     | Noticed Jorgrun
 17536 | D:13     | Killed Jorgrun
 17537 | Abyss:3  | Cast into level 3 of the Abyss (a wizard)
 17639 | Abyss:3  | Noticed a white very ugly thing
 17651 | Abyss:3  | Noticed a starcursed mass
 17663 | Abyss:3  | Noticed a tentacled starspawn
 17668 | Abyss:3  | Identified the +1 pair of gloves of Pycomug {rN+} (Okawaru
                  | gifted it to you on level 3 of the Abyss)
 17668 | Abyss:3  | Received a gift from Okawaru
 17668 | Abyss:3  | Killed a white very ugly thing
 17672 | Abyss:3  | HP: 4/81 [ancient zyme (9)]
 17673 | Abyss:3  | Slain by an ancient zyme

Illustrated notes

Levels and vault maps discovered:
D:1:      kennysheep_arrival_forest, layout_rooms
D:2:      layout_loops_ring, uniq_jessica
D:3:      layout_basic, trog_three_pillars_becter, xom_teletrap_fun,
          serial_shops, shop, nicolae_shop_industrial_runoff,
          nicolae_shop_peninsula, nicolae_shop_mannequins,
          nicolae_lakefront_shop, uniq_ijyb
D:4:      layout_gridville, uniq_robin
D:5:      layout_gridville, nicolae_overflow_crystal_walls,
          wad_floor_pattern_untrapped, uniq_eustachio
D:6:      hellmonk_ruined_rings, layout_layer_cave, uniq_blork_the_orc,
          uniq_maggie, uniq_duvessa, uniq_grinder, uniq_pikel
D:7:      layout_cave_pods, mainiacjoe_overflow_tiny_flanked,
          mainiacjoe_overflow_concentric_impassable, temple_pool_b
D:8:      layout_cave_pools, nicolae_ru_awakened_eye,
          mainiacjoe_overflow_surrounded_room, gammafunk_ghost_hive,
          supply_closet_lemuel, uniq_psyche
D:9:      layout_roguey, mainiacjoe_overflow_brackets, dpeg_oklobed_lair
D:10:     layout_loops_cross
D:11:     layout_basic, gauntlet_entry_generic, serial_shops,
          kennysheep_mini_moat
D:12:     layout_long_grid, serial_shops, nicolae_shop_tiny_real_fake_doors
D:13:     evilmike_halls_of_destruction, layout_layer_cave
Temple:   eino_temple_lava
Lair:1:   layout_regular_city, basic_altar
Lair:2:   layout_gridlike, minmay_snake_entry_six_corridors,
          nzn_sisyphean_effort
Lair:3:   layout_loops_ring, shoals_dummy_entry, uniq_kirke
Lair:4:   layout_layer_cave, beast_lair_carwin_11, grunt_megastairs_1
Lair:5:   wormcave, layout_long_grid, guppyfry_lair_end_dragon,
          minmay_slime_entry_eyes, infiniplex_staircase_pool
Abyss:3:  base: D:13, evilmike_abyss_exit_6, abyss_furniture_001,
          hangedman_abyss_monster_moat, hangedman_shadowy_showcase

Skill      XL: |  1  2  3  4  5  6  7  8  9 10 11 12 13 |
---------------+----------------------------------------+-----
Axes           | 2 3 4 5 6 8 9 10 11 12 | 12.8
Fighting       | 4 5 6 7 8 9 |  9.7
Armour         | 4 5 6 7 8 |  8.9
Shields        | 4 5 6 7 8 |  8.0
Evocations     | 1 2 3 4 5 6 7 8 |  8.2
Translocations | 1 2 4 5 6 7 8 |  8.0
Invocations    | 3 5 6 8 |  8.0
Stealth        | |  0.1

Action                     |  1- 3 |  4- 6 |  7- 9 | 10-12 | 13-15 || total
---------------------------+-------+-------+-------+-------+-------++-------
  Melee: War axe           |    84 |   169 |   216 |   523 |   260 ||  1252
         Morningstar       |       |       |       |     7 |       ||     7
    Use: Scroll            |     4 |     6 |     4 |     9 |     4 ||    27
         Potion            |       |       |     2 |     4 |       ||     6
 Armour: Scale mail        |    11 |       |       |       |       ||    11
         Chain mail        |    36 |   136 |   142 |       |       ||   314
         Swamp dragon scal |       |       |    22 |   363 |    95 ||   480
         Skin              |       |       |       |     4 |       ||     4
         Plate armour      |       |       |       |       |   120 ||   120
  Dodge: Dodged            |    47 |    92 |   127 |   262 |    91 ||   619
  Block: Buckler           |    14 |    49 |    70 |   182 |   115 ||   430

Table legend: (Time is in decaauts)
 A = Elapsed time spent in this place.
 B = Non-inter-level travel time spent in this place.
 C = Inter-level travel time spent in this place.
 D = Time resting spent in this place.
 E = Time spent auto-exploring this place.
 F = Levels seen in this place.
 G = Mean time per level.
                   A        B        C        D        E       F      G
               +--------+--------+--------+--------+--------+-----+--------+
         Total |  17829 |  16873 |    956 |   2862 |  10238 |  20 |  891.5 |
       Dungeon |  11430 |  10736 |    694 |   1190 |   7131 |  13 |  879.2 |
        Temple |     20 |     20 |      0 |      0 |      0 |   1 |   20.0 |
          Lair |   6245 |   5983 |    262 |   1672 |   3107 |   5 | 1249.0 |
         Abyss |    132 |    132 |      0 |      0 |      0 |   1 |  132.0 |
               +--------+--------+--------+--------+--------+-----+--------+

Top non-repeatable levels by time:
  Lair:5: 1490 daAuts
  Lair:4: 1479 daAuts
     D:6: 1289 daAuts
  Lair:1: 1194 daAuts
     D:3: 1114 daAuts
    D:13: 1094 daAuts
  Lair:3: 1085 daAuts
     D:9: 1077 daAuts
     D:5: 1048 daAuts
  Lair:2: 995 daAuts
     D:8: 892 daAuts
     D:7: 882 daAuts
    D:11: 861 daAuts
    D:12: 709 daAuts
    D:10: 706 daAuts
